 Dungeon Crawl Stone Soup version 0.31-a0-331-geda263fcf1 (webtiles) character file.

Game seed: 1881423153891579498

929 javelincjr the Changeling (level 7, -5/78 HPs)
             Began as a Troll Shapeshifter on July 19, 2023.
             Was an Initiate of Hepliaklqana.
             Slain by a wraith (8 damage)
             ... on level 5 of the Dungeon.
             The game lasted 00:13:58 (4175 turns).

javelincjr the Changeling (Troll Shapeshifter)      Turns: 4175, Time: 00:13:58

Health: -5/78      AC: 11    Str: 26    XL:     7   Next: 85%
Magic:  0/5        EV: 10    Int:  4    God:    Hepliaklqana [......]
Gold:   202        SH:  0    Dex: 10    Spells: 6/6 levels left

rFire   . . .        s - +2 flail (protect)
rCold   . . .        (no shield)
rNeg    + . .        r - +0 robe {rN+}
rPois   .            (helmet currently unavailable)
rElec   .            (cloak currently unavailable)
rCorr   .            (gloves unavailable)
SInv    .            (boots unavailable)
Will    .....        m - amulet of guardian spirit
Stlth   +            (no ring)
HPRegen 1.13/turn    (no ring)
MPRegen 0.09/turn

%: guardian spirit
@: beast-form, under a protective aura, slowed, very slow
A: beast (slay +3), large, unfitting armour, claws 3, regeneration 1, shaggy fur
1, tough skin 1, low MP 1, robust 1
a: Begin Untransformation, Renounce Religion


You were on level 5 of the Dungeon.
You worshipped Hepliaklqana.
Hepliaklqana was noncommittal.
You were a hulking beast.
You visited 2 branches of the dungeon, and saw 6 of its levels.

You collected 301 gold pieces.
You spent 99 gold pieces at shops.

Inventory:

Hand Weapons
 f - a +0 heavy sling
 s - a +2 flail of protection (weapon)
Missiles
 o - 4 atropa-tipped darts
 p - 12 poisoned darts
Armour
 r - a +0 robe of positive energy (worn)
Jewellery
 m - an amulet of guardian spirit (around neck)
Talismans
 c - a beast talisman
Wands
 a - a wand of roots (10)
 l - a wand of polymorph (6)
Scrolls
 d - 2 scrolls of summoning {unknown}
 e - 2 scrolls of poison {unknown}
 g - 2 scrolls of teleportation {unknown}
 i - a scroll of amnesia {unknown}
 j - 3 scrolls of identify {unknown}
 k - a scroll of noise {unknown}
 n - a scroll of enchant armour {unknown}
 q - a scroll of acquirement {unknown}
Potions
 b - 2 potions of lignification
 h - 3 potions of curing


   Skills:
 * Level 4.6 Fighting
 + Level 3.3 Dodging
 + Level 4.1 Unarmed Combat
 * Level 5.2 Shapeshifting


You had 6 spell levels left.
You didn't know any spells.
Your spell library contained the following spells:

 Spells                   Type           Power      Damage    Failure   Level
 Magic Dart               Conj           0%         1d3       50%         1
 Searing Ray              Conj           0%         2d4       65%         2
 Fulminant Prism          Conj/Hex       0%         3d5       99%         4


Dungeon Overview and Level Annotations

Branches:
Dungeon (5/15)             Temple (1/1) D:4

Altars:
Ashenzari
Dithmenos
Elyvilon
Fedhas
Gozag
Hepliaklqana
Kikubaaqudgha
Makhleb
Nemelex Xobeh
Ru
Uskayaw
Wu Jian
Xom
Yredelemnul
Zin
The Shining One

Shops:
D:1 !*   D:3 [*??

Annotations:
D:5 4 runed translucent doors


Innate Abilities, Weirdness & Mutations

You are a hulking beast.
Your limbs bulge with bestial killing power. (Slay +3)
You are too large for most types of armour.
You have claws for hands.
Your natural rate of healing is unusually fast.
You are covered in fur. (AC +1)
You have tough skin. (AC +1)
Your magical capacity is low. (-10% MP)
You are robust. (+10% HP)


Message History

The wraith hits you but does no damage.
You hit the wraith.
The wraith is lightly damaged.
The wraith barely misses you. x2
You hit the wraith but do no damage.
The wraith is lightly damaged.
The wraith hits you but does no damage. The wraith hits you.
* * * LOW HITPOINT WARNING * * *
The wraith barely misses you.
You barely miss the wraith.
The wraith is lightly damaged.
The wraith closely misses you. The wraith hits you.
* * * LOW HITPOINT WARNING * * *
The wraith drains your vigour!
You feel as though you will be slow longer.
You sock the wraith!
The wraith is heavily damaged.
The wraith hits you.
* * * LOW HITPOINT WARNING * * *
The wraith drains your vigour!
You feel as though you will be slow longer.
The wraith hits you but does no damage.
You closely miss the wraith.
The wraith is heavily damaged.
The wraith hits you!
* * * LOW HITPOINT WARNING * * *
The wraith hits you!
* * * LOW HITPOINT WARNING * * *
The wraith drains your vigour!
You feel as though you will be slow longer.
You barely miss the wraith.
The wraith is heavily damaged.
The wraith hits you.
* * * LOW HITPOINT WARNING * * *
The wraith barely misses you.
You hit the wraith but do no damage.
Your weapon exudes an aura of protection.
The wraith is heavily damaged.
The wraith hits you!
You die...

#<####.###.## #..##.###..# ##
##....##..## #.
##....#...########.
#................##
#..######..######... ...##. ####
##.. ##..#W### #.. ##.#h#[## #.#
# #.##.# #.. ##.#.#.## #.. #.#
##..##)..# ##.. #..# ##....###'#
#+###..#
#..#####.........######.....##
##....##.........##8"|8##......
##................#8....8#......
##.................+o.....+......


You could see a wraith.

Vanquished Creatures
  The ghost of NinjaNoafa the Insei, an amateur MfMo (D:3)
  A water moccasin (D:5)
  An ogre (D:5)
  3 scorpions (D:5)
  2 hounds (D:5)
  3 iguanas
  Jessica (D:2)
  2 sleepcaps (D:5)
  4 adders
  An ufetubus (D:5)
  2 worms (D:3)
  2 dart slugs (D:1)
  12 orcs
  6 ball pythons
  2 endoplasms
  3 giant cockroaches
  8 goblins
  4 hobgoblins
  9 jackals
  3 kobolds
  5 quokkas
  7 bats
  6 frilled lizards
  3 rats
91 creatures vanquished.

Notes
Turn   | Place    | Note
-------+----------+-------------------------------------------
     0 | D:1      | javelincjr the Troll Shapeshifter began the quest for the
                  | Orb.
     0 | D:1      | Reached XP level 1. HP: 19/19 MP: 0/0
    33 | D:1      | Found Onouskaf's Distillery.
   269 | D:1      | Reached XP level 2. HP: 20/28 MP: 1/1
   811 | D:1      | Reached XP level 3. HP: 32/35 MP: 2/2
   846 | D:1      | Found Putyjorr's Assorted Antiques.
  1306 | D:2      | Noticed Jessica
  1313 | D:2      | Killed Jessica
  1314 | D:2      | Reached XP level 4. HP: 44/44 MP: 3/3
  1442 | D:2      | Found a faded altar of an unknown god.
  1637 | D:3      | Found a runed translucent door.
  1642 | D:3      | Noticed NinjaNoafa's ghost (amateur MfMo)
  1674 | D:3      | Found Jorah's Assorted Antiques.
  1688 | D:3      | Found Ixitrico's Magic Scroll Emporium.
  1804 | D:3      | Found Ylulas's Magic Scroll Emporium.
  1882 | D:3      | Found Jiwa's Antique Armour Emporium.
  1890 | D:3      | Bought a runed robe for 99 gold pieces
  2313 | D:3      | Gained mutation: You are robust. (+10% HP) [potion of
                  | mutation]
  2313 | D:3      | Gained mutation: Your magical capacity is low. (-10% MP)
                  | [potion of mutation]
  2346 | D:3      | HP: 2/48 [NinjaNoafa's ghost (10)]
  2347 | D:3      | Killed NinjaNoafa's ghost
  2348 | D:3      | Reached skill level 4 in Shapeshifting
  2348 | D:3      | Reached XP level 5. HP: 3/58 MP: 0/3
  2348 | D:3      | Reached XP level 6. HP: 3/67 MP: 0/4
  2950 | D:4      | Found a staircase to the Ecumenical Temple.
  3059 | Temple   | Entered the Ecumenical Temple
  3124 | Temple   | Became a worshipper of Hepliaklqana the Forgotten
  3653 | D:5      | Entered Level 5 of the Dungeon
  3703 | D:5      | Found a large runed translucent door.
  3704 | D:5      | Found a large runed translucent door.
  3711 | D:5      | Noticed an orc warrior
  3711 | D:5      | Noticed an orc warrior
  3730 | D:5      | Found a large runed translucent door.
  3730 | D:5      | Found a large runed translucent door.
  3928 | D:5      | Found a shimmering altar of Xom.
  3928 | D:5      | Noticed a water moccasin
  3941 | D:5      | Reached XP level 7. HP: 72/74 MP: 5/5
  4030 | D:5      | Reached skill level 5 in Shapeshifting
  4157 | D:5      | Noticed a wraith
  4173 | D:5      | HP: 1/78 [wraith (9)]
  4175 | D:5      | Slain by a wraith

Illustrated notes

Levels and vault maps discovered:
D:1:      matt_arrival_grand_opening, layout_basic, serial_shops, shop,
          nicolae_shop_tiny_statue_garden
D:2:      layout_rooms, hellmonk_ecumenical_altar_inner_sanctum, uniq_jessica
D:3:      layout_loops_ring, serial_shops, shop, nicolae_shop_rolled_up,
          nicolae_shop_pleasant_corner_grove, shop,
          ebering_ghost_reflecting_pool
D:4:      layout_layer_cave, minmay_temple_entry_glass
D:5:      layout_layer_cave, vehumet_altar_wand_db, xom_confusion_cloud,
          minmay_hollow_rounded_squares
Temple:   hellmonk_temple_of_storms

Skill      XL: |  1  2  3  4  5  6  7 |
---------------+----------------------+-----
Fighting       | 2 3 4 |  4.6
Dodging        | 2 3 |  3.3
Unarmed Combat | 3 4 |  4.1
Shapeshifting  | 4 5 |  5.2

Action                     |  1- 3 |  4- 6 |  7- 9 || total
---------------------------+-------+-------+-------++-------
  Melee: Unarmed           |    76 |   119 |       ||   195
         Punch             |       |     3 |     1 ||     4
         Flail             |       |     3 |    72 ||    75
   Fire: Sling             |    15 |       |       ||    15
    Use: Potion            |       |     6 |     2 ||     8
   Stab: Sleeping          |     2 |     1 |       ||     3
 Armour: Animal skin       |    36 |     6 |       ||    42
         Robe              |       |    24 |    37 ||    61
  Dodge: Dodged            |    48 |    52 |    61 ||   161
         Form:             |     1 |       |       ||     1
         Beast             |     1 |       |       ||     1

Table legend: (Time is in decaauts)
 A = Elapsed time spent in this place.
 B = Non-inter-level travel time spent in this place.
 C = Inter-level travel time spent in this place.
 D = Time resting spent in this place.
 E = Time spent auto-exploring this place.
 F = Levels seen in this place.
 G = Mean time per level.
                   A        B        C        D        E       F      G
               +--------+--------+--------+--------+--------+-----+--------+
         Total |   4201 |   4009 |    192 |    135 |   3065 |   6 |  700.2 |
       Dungeon |   4113 |   3921 |    192 |    135 |   3065 |   5 |  822.6 |
        Temple |     87 |     87 |      0 |      0 |      0 |   1 |   87.0 |
               +--------+--------+--------+--------+--------+-----+--------+

Top non-repeatable levels by time:
     D:1: 1136 daAuts
     D:4: 1093 daAuts
     D:3: 905 daAuts
     D:5: 555 daAuts
     D:2: 422 daAuts
  Temple: 87 daAuts
